[Event "Late-Titled-Tuesday-Blitz-June-18-2024"]
[Site "Chess.com"]
[Date "2024.06.18"]
[Round "5"]
[White "MathiasWomacka"]
[Black "Losingexperience"]
[Result "0-1"]
[WhiteElo "2516"]
[BlackElo "2736"]
[TimeControl "180+1"]
[EndTime "14:55:56 PDT"]
[Termination "Losingexperience won by checkmate"]

1. e4 c5 2. Nf3 d6 3. d4 cxd4 4. Nxd4 Nf6 5. Nc3 g6 6. Be3 Nc6 7. f3 h5 8. Qd2 Nxd4 9. Bxd4 Bh6 10. Be3 Bxe3 11. Qxe3 Be6 12. Bb5+ Kf8 13. O-O-O Qa5 14. a3 Rc8 15. Be2 Kg7 16. Kb1 a6 17. h3 b5 18. Nd5 Bxd5 19. exd5 Rc7 20. g4 Rhc8 21. g5 Nd7 22. Qxe7 Qb6 23. Bd3 b4 24. axb4 Qxb4 25.
Rhe1 Rb8 26. b3 Qa3 27. Re6 Rxb3+ 28. cxb3 Qxb3+ 29. Ka1 Qa3+ 30. Kb1 Rb7+ 31. Kc2 Qb2# 0-1

[Event "Late-Titled-Tuesday-Blitz-June-18-2024"]
[Site "Chess.com"]
[Date "2024.06.18"]
[Round "5"]
[White "ACollins05"]
[Black "RebecaJimnz"]
[Result "1-0"]
[WhiteElo "2414"]
[BlackElo "2278"]
[TimeControl "180+1"]
[EndTime "14:55:56 PDT"]
[Termination "ACollins05 won by resignation"]

1. Nf3 Nf6 2. e3 d5 3. b3 g6 4.
Bb2 Bg7 5. d4 O-O 6. c4 c6 7.
Nc3 Nbd7 8. Be2 e6 9. O-O Qe7 10. Rc1 Rd8 11. Qc2 b6 12. Rfd1 Bb7 13. cxd5 cxd5 14.
Nb5 Rac8 15. Qb1 a6 16. Ba3 Nc5 17. Nc3 Nfe4 18. Nxe4 dxe4 19. Nd2 Qg5 20. dxc5 bxc5 21. Nc4 Rd3 22. Bb2 Bxb2 23. Qxb2 Rcd8 24. Bxd3 exd3 25. f4 Qg4 26. h3 Qf5 27. Ne5 Qe4 28. Ng4 Kf8 29.
Qh8+ Ke7 30. Qf6+ Ke8 31. Rd2 h5 32. Ne5 Qxe3+ 33. Kh2 Rd4 34. Qxf7+ Kd8 35. Rcd1 Rxf4 36. Rxd3+ 1-0

[Event "Late-Titled-Tuesday-Blitz-June-18-2024"]
[Site "Chess.com"]
[Date "2024.06.18"]
[Round "5"]
[White "Pelusiansky"]
[Black "Rutricks"]
[Result "0-1"]
[WhiteElo "2570"]
[BlackElo "2813"]
[TimeControl "180+1"]
[EndTime "14:55:58 PDT"]
[Termination "Rutricks won on time"]

1. c4 g6 2. Nc3 Bg7 3. g3 d6 4. Bg2 Nd7 5. e4 c5 6. Nge2 Rb8 7. O-O a6 8. a4 b6 9. d3 Ngf6 10. h3 O-O 11. Be3 Ne8 12. Qd2 Nc7 13. d4 b5 14.
cxb5 axb5 15. axb5 Nxb5 16. Nxb5 Rxb5 17. Nc3 Rb8 18.
Ra7 Qb6 19. Ra4 cxd4 20. Bxd4 Bxd4 21. Nd5 Bxf2+ 22. Rxf2 Qd8 23. Ra7 Bb7 24. Kh2 Bxd5 25. exd5 Ne5 26. Qd4 Rb3 27. Qh4 Qb6 0-1

[Event "Late-Titled-Tuesday-Blitz-June-18-2024"]
[Site "Chess.com"]
[Date "2024.06.18"]
[Round "5"]
[White "katharinareinecke"]
[Black "Colombiano07"]
[Result "0-1"]
[WhiteElo "2041"]
[BlackElo "2310"]
[TimeControl "180+1"]
[EndTime "14:56:01 PDT"]
[Termination "Colombiano07 won by resignation"]

1. d4 d5 2. Nf3 Nf6 3. g3 e6 4. Bg2 Be7 5. O-O O-O 6. c4 dxc4 7.
Ne5 Nc6 8. Nxc6 bxc6 9. Na3 Ba6 10. Bxc6 Rb8 11. Nc2 Nd5 12. e4 Nb4 13. Nxb4 Bxb4 14. a3 Ba5 15. Bd2 Bb6 16. Bc3 Qd6 17. d5 Rfd8 18.
Qg4 g6 19. Bf6 exd5 20. exd5 Qxf6 21. h4 c3 0-1

[Event "Late-Titled-Tuesday-Blitz-June-18-2024"]
[Site "Chess.com"]
[Date "2024.06.18"]
[Round "5"]
[White "aranibos"]
[Black "DonJuanEGenaro"]
[Result "1-0"]
[WhiteElo "2273"]
[BlackElo "1972"]
[TimeControl "180+1"]
[EndTime "14:56:01 PDT"]
[Termination "aranibos won by resignation"]

1. d4 Nf6 2. Nf3 c5 3. d5 d6 4. Nc3 e6 5. e4 exd5 6. exd5 Be7 7. h3 h6 8. Be2 Bf5 9. O-O O-O 10.
Bf4 a6 11. a4 b6 12. Re1 Nbd7 13. Bd3 Bxd3 14. Qxd3 Re8 15. Ne2 Bf8 16. c4 Qc7 17.
Ng3 g6 18. Rxe8 Rxe8 19. Re1 Rxe1+ 20. Nxe1 Bg7 21. b3 g5 22. Bd2 Ne5 23. Qe2 Qd7 24. Nf3 Nxf3+ 25. Qxf3 b5 26. cxb5 axb5 27. a5 b4 28. Nf5 Ne8 29. Qd3 Nc7 30. Nxg7 Kxg7 31. Bc1 Qb5 32. Bb2+ f6 33. Qf5 Qe8 34. Qxf6+ 1-0

[Event "Late-Titled-Tuesday-Blitz-June-18-2024"]
[Site "Chess.com"]
[Date "2024.06.18"]
[Round "5"]
[White "BardArtem"]
[Black "jcibarra"]
[Result "0-1"]
[WhiteElo "2869"]
[BlackElo "3019"]
[TimeControl "180+1"]
[EndTime "14:56:05 PDT"]
[Termination "jcibarra won by resignation"]

1. e4 c5 2. Nf3 Nf6 3. e5 Nd5 4.
c3 Nc6 5. d4 cxd4 6. cxd4 d6 7.
Bc4 dxe5 8. dxe5 Be6 9. O-O g6 10. Qb3 Qd7 11. Bb5 Nc7 12. Bc4 Bxc4 13. Qxc4 Bg7 14.
Nc3 O-O 15. Rd1 Qe6 16. Qh4 Qf5 17. Bh6 Bxh6 18. Qxh6 Ne6 19. Nd5 Rfd8 20. h4 Qg4 21. Rac1 Rxd5 22. Rxd5 Nf4 23. g3 Qxf3 24. Qxf4 Qxd5 0-1

[Event "Late-Titled-Tuesday-Blitz-June-18-2024"]
[Site "Chess.com"]
[Date "2024.06.18"]
[Round "5"]
[White "OparinGrigoriy"]
[Black "Korchmar_Vasiliy"]
[Result "1-0"]
[WhiteElo "3009"]
[BlackElo "2640"]
[TimeControl "180+1"]
[EndTime "14:56:07 PDT"]
[Termination "OparinGrigoriy won on time"]

1. Nc3 d5 2. d4 Nf6 3. Bf4 a6 4. e3 b5 5. Nf3 Bb7 6. Ne5 e6 7. Bd3 Nbd7 8. O-O Be7 9. Ne2 Nh5 10. a4 b4 11. Nxd7 Qxd7 12. Be5 f6 13. Nf4 Nxf4 14.
Bxf4 O-O 15. a5 c5 16. dxc5 e5 17. Bg3 Bxc5 18. Qh5 g6 19. Qh4 Bc6 20. Rfd1 Qe6 21. Rac1 Bb5 22. c4 bxc3 23. Rxc3 Be7 24. Bb1 Kg7 25. Ba2 Rad8 26. Rc7 Rf7 27. e4 dxe4 28.
Rxd8 Qxa2 29. Rd1 f5 30. Rxe7 1-0

[Event "Late-Titled-Tuesday-Blitz-June-18-2024"]
[Site "Chess.com"]
[Date "2024.06.18"]
[Round "5"]
[White "Stanbad1"]
[Black "CristhianPortalR"]
[Result "0-1"]
[WhiteElo "2683"]
[BlackElo "2522"]
[TimeControl "180+1"]
[EndTime "14:56:07 PDT"]
[Termination "CristhianPortalR won by checkmate"]

1. d4 d5 2. Nc3 Nf6 3. Bf4 Bf5 4. e3 e6 5. Nf3 h6 6. Ne5 Be7 7. g4 Bh7 8. Bd3 Bxd3 9. Qxd3 Nbd7 10. Rg1 Nxe5 11. Bxe5 Qd7 12. O-O-O O-O-O 13. h4 g5 14.
hxg5 hxg5 15. f4 Rhg8 16. Rdf1 gxf4 17. g5 Nh5 18. exf4 Ng7 19. Bxg7 Rxg7 20. Nd1 Rdg8 21. Rh1 Bd6 22. Ne3 c6 23. c3 Qc7 24. Rh4 Qe7 25. Kc2 f6 26. gxf6 Qxf6 27. Rfh1 Bxf4 28. Rf1 Qxh4 29. Kb3 Bxe3 30. Qxe3 Qe7 31. Re1 Rg6 32.
Qe5 Qc7 33. Qh5 Qb6+ 34. Ka3 Qa5+ 35. Kb3 b5 36. a3 Qa4+ 37. Ka2 Qc4+ 38. Kb1 Qd3+ 39.
Ka2 Qf5 40. Qh7 R6g7 41. Qh6 Rh7 42. Qd2 Kd7 43. Re5 Qf6 44. Qe2 Rhg7 45. a4 Rg2 46.
Qd3 Qf2 47. Qh7+ R8g7 48. Qb1 Qc2 49. axb5 Qa4# 0-1

[Event "Late-Titled-Tuesday-Blitz-June-18-2024"]
[Site "Chess.com"]
[Date "2024.06.18"]
[Round "5"]
[White "LoonsDeKoeben"]
[Black "noblerone"]
[Result "0-1"]
[WhiteElo "2410"]
[BlackElo "2537"]
[TimeControl "180+1"]
[EndTime "14:56:07 PDT"]
[Termination "noblerone won by resignation"]

1. Nf3 d5 2. e3 Nf6 3. d4 Bg4 4. c4 e6 5. Nc3 c6 6. Be2 Bd6 7.
cxd5 exd5 8. h3 Bh5 9. Ne5 Bxe2 10. Qxe2 O-O 11. Bd2 Nbd7 12. Ng4 Ne4 13. Nxe4 dxe4 14.
g3 f5 15. Nh2 Nb6 16. O-O Nd5 17. Kh1 Qd7 18. Rae1 Rae8 19. Qh5 Re6 20. Qd1 Rh6 21. Kg2 f4 22. Ng4 f3+ 23. Kg1 Rxh3 24. Nh2 Qe6 0-1

[Event "Late-Titled-Tuesday-Blitz-June-18-2024"]
[Site "Chess.com"]
[Date "2024.06.18"]
[Round "5"]
[White "betta2004"]
[Black "Dhaydon19"]
[Result "0-1"]
[WhiteElo "2470"]
[BlackElo "2650"]
[TimeControl "180+1"]
[EndTime "14:56:08 PDT"]
[Termination "Dhaydon19 won by resignation"]

1. Nf3 c5 2. e3 Nf6 3. b3 Nc6 4. Bb2 e6 5. d4 d5 6. Nbd2 Be7 7. Bd3 O-O 8. O-O b6 9. Ne5 Bb7 10. f4 Rc8 11. Qf3 Nb4 12. Rfc1 c4 13. a3 cxd3 14. axb4 dxc2 15. Rxa7 Bxb4 16. Qe2 Rc7 17.
Ndf3 Qc8 18. Nd3 Ba6 19. Rxc7 Qxc7 20. Rxc2 Qb7 21. Nfe5 Bd6 22. Qd1 Ne4 23. Qc1 f6 24. Nf2 Nxf2 25. Kxf2 fxe5 26. dxe5 Bc5 27. b4 Rxf4+ 28.
Kg3 Rxb4 29. Bd4 Rc4 30. Rxc4 Bxc4 31. Qb2 Qc7 32. Qa1 h6 33. Qa8+ Kh7 34. h4 Qf7 35. Qc8 Qg6+ 36. Kh2 Bf1 37. g3 Qc2+ 0-1

[Event "Late-Titled-Tuesday-Blitz-June-18-2024"]
[Site "Chess.com"]
[Date "2024.06.18"]
[Round "5"]
[White "unbreakablepawn35"]
[Black "Journey_to_GrandMaster_YT"]
[Result "0-1"]
[WhiteElo "2443"]
[BlackElo "2630"]
[TimeControl "180+1"]
[EndTime "14:56:08 PDT"]
[Termination "Journey_to_GrandMaster_YT won by resignation"]

1. c4 d6 2. Nc3 e5 3. d4 exd4 4. Qxd4 Nc6 5. Qd1 g6 6. Nf3 Bg7 7. Qc2 Nge7 8. b3 Bf5 9. Qd2 d5 10. e3 Nb4 11. Bb2 Nc2+ 12. Kd1 Nxa1 13. Nxd5 O-O 14.
Bxg7 Kxg7 15. Qd4+ f6 16. Nxe7 Qxe7 17. Qxa1 Rad8+ 18. Kc1 Qe4 19. Qb2 Rd7 20. Be2 Rfd8 21. Ne1 Rd2 0-1

[Event "Late-Titled-Tuesday-Blitz-June-18-2024"]
[Site "Chess.com"]
[Date "2024.06.18"]
[Round "5"]
[White "tptagain"]
[Black "soloderisas"]
[Result "1-0"]
[WhiteElo "2946"]
[BlackElo "2651"]
[TimeControl "180+1"]
[EndTime "14:56:11 PDT"]
[Termination "tptagain won by resignation"]

1. d4 d5 2. Nf3 c6 3. Bf4 Bf5 4. e3 e6 5. c4 Nf6 6. Nc3 Nbd7 7.
h3 h6 8. Bd3 Ne4 9. O-O Ndf6 10. cxd5 exd5 11. Qc2 Bd6 12. Ne5 Nxc3 13. Bxf5 Nce4 14.
f3 Ng5 15. h4 Ngh7 16. g4 Nf8 17. Rae1 g6 18. Bd3 Qe7 19. Qa4 N6d7 20. Nxc6 bxc6 21.
Qxc6 Bxf4 22. exf4 Ne6 23. Qxa8+ 1-0

[Event "Late-Titled-Tuesday-Blitz-June-18-2024"]
[Site "Chess.com"]
[Date "2024.06.18"]
[Round "5"]
[White "Zampronha1971"]
[Black "olawsson"]
[Result "1-0"]
[WhiteElo "2401"]
[BlackElo "2155"]
[TimeControl "180+1"]
[EndTime "14:56:12 PDT"]
[Termination "Zampronha1971 won by resignation"]

1. e4 c5 2. Nf3 a6 3. Nc3 b5 4. d4 e6 5. d5 d6 6. dxe6 Bxe6 7. a4 b4 8. Nd5 Nc6 9. Bc4 Nf6 10. Bg5 Be7 11.
Nxe7 Qxe7 12. Bxe6 Qxe6 13. O-O O-O 14. Bxf6 Qxf6 15.
Qd5 Ne7 16. Qb3 Rac8 17. Rad1 a5 18. c3 c4 19. Qc2 b3 20. Qe2 Ng6 21. Qe3 Rfe8 22.
Rd5 Nf4 23. Rxa5 Re5 24. Nxe5 dxe5 25. g3 Nd3 26. Qd2 Qf3 27. Rd5 h5 28. Rd1 Rc6 29.
Rxd3 cxd3 30. Qxd3 Qxd3 31. Rxd3 Ra6 32. Rd8+ Kh7 33.
Rb8 Rxa4 34. Rxb3 Rxe4 35. Kg2 h4 36. Rb7 hxg3 37. hxg3 Kg6 38. Kf3 Rc4 39. Ke3 f5 40. Kd3 Rc6 41. c4 Kf6 42. b4 g5 43. c5 g4 44. Kc4 Ke6 45. b5 Rc8 46. c6 f4 47.
Rg7 fxg3 48. fxg3 Kf5 49. Kc5 e4 50. b6 e3 51. Re7 1-0

[Event "Late-Titled-Tuesday-Blitz-June-18-2024"]
[Site "Chess.com"]
[Date "2024.06.18"]
[Round "5"]
[White "JEHUBNER"]
[Black "LidongW"]
[Result "0-1"]
[WhiteElo "2090"]
[BlackElo "2349"]
[TimeControl "180+1"]
[EndTime "14:56:14 PDT"]
[Termination "LidongW won by resignation"]

1. e4 e6 2. d4 d5 3. exd5 exd5 4. Nf3 Bd6 5. Bd3 Ne7 6. O-O O-O 7. Re1 Nd7 8. Bg5 f6 9. Be3 c5 10. c3 Re8 11. Nbd2 Qc7 12. h3 Nf8 13. Rc1 Bf5 14. Nf1 Bxd3 15. Qxd3 Rad8 16. Nh4 Bf4 17. Nf5 Neg6 18. N1g3 Ne6 19. dxc5 Nxc5 20. Bxc5 Bxc1 21.
Be3 Bxb2 22. Rb1 Qxc3 23. Qxc3 Bxc3 24. Rxb7 d4 25. Rc7 dxe3 26. Rxc3 Rd1+ 27. Kh2 exf2 28. Rf3 Rd2 29. Nf1 Rxa2 30. Nd4 Re1 31. Ng3 Ne5 32.
Rf4 a5 33. Ngf5 0-1

[Event "Late-Titled-Tuesday-Blitz-June-18-2024"]
[Site "Chess.com"]
[Date "2024.06.18"]
[Round "5"]
[White "jup1978"]
[Black "simaopdias"]
[Result "0-1"]
[WhiteElo "2445"]
[BlackElo "2212"]
[TimeControl "180+1"]
[EndTime "14:56:17 PDT"]
[Termination "simaopdias won by resignation"]

1. e4 c5 2. Nf3 g6 3. d4 cxd4 4. Qxd4 Nf6 5. Nc3 Nc6 6. Qa4 d6 7. e5 dxe5 8. Nxe5 Bd7 9. Bb5 Nxe5 10. Bxd7+ Qxd7 11. Qf4 Nc6 12. O-O Bg7 13. Be3 O-O 14.
Rad1 Qg4 15. Qc7 Qc8 16. Qf4 Rd8 17. h3 h5 18. Nb5 Nd5 19. Qc4 Nxe3 20. fxe3 e6 21.
Nd6 Qb8 22. Qf4 Rxd6 23. Qxd6 Qxd6 24. Rxd6 Rd8 25. Rxd8+ Nxd8 26. c3 Kf8 27. Rd1 Ke7 28.
Kf2 Nc6 29. Ke2 Be5 30. g4 h4 31. Kd3 Bd6 32. Ke4 Ne5 33. b4 a6 34. a3 Kd7 35.
Kd4 Kc6 36. c4 Nf3+ 37. Kd3 Ng5 38. Rf1 Kd7 39. Rh1 Ke7 40. c5 Bg3 41. a4 Kd7 42. b5 a5 43. Kc4 Ne4 44. Rd1+ Kc7 45. Rf1 Nd2+ 46. Kd3 Nxf1 0-1

[Event "Late-Titled-Tuesday-Blitz-June-18-2024"]
[Site "Chess.com"]
[Date "2024.06.18"]
[Round "5"]
[White "Skillcam"]
[Black "Eloist"]
[Result "1-0"]
[WhiteElo "2575"]
[BlackElo "2448"]
[TimeControl "180+1"]
[EndTime "14:56:24 PDT"]
[Termination "Skillcam won on time"]

1. Nf3 Nf6 2. c4 e6 3. e3 b6 4.
b3 Bb7 5. Bb2 g6 6. Be2 Bg7 7.
O-O O-O 8. Nc3 c5 9. d4 cxd4 10.
Nxd4 Nc6 11. Qd2 Nxd4 12. exd4 d5 13. Bf3 Ne4 14. Nxe4 dxe4 15. Be2 Qh4 16. g3 Qh3 17. Qc3 Rad8 18. Rad1 Rd7 19. Rfe1 Rfd8 20. Bf1 Qh5 21. Qe3 Bh6 22. Qe2 Qxe2 23. Rxe2 Bg7 24. Red2 Bh6 25. Re2 Bg7 26. Red2 Bh6 27. Rc2 e3 28. f4 Bg7 29.
Re1 Bxd4 30. Bxd4 Rxd4 31. Rxe3 Rd2 32. Rxd2 Rxd2 33. Re2 Rd1 34. Kf2 Kf8 35. Bh3 h5 36.
Ke3 a5 37. Rd2 Rxd2 38. Kxd2 Ke7 39. Kc3 Kd6 40. Kd4 f6 41. a3 e5+ 42. fxe5+ fxe5+ 43.
Ke3 Kc5 44. Be6 g5 45. h4 gxh4 46. gxh4 b5 47. cxb5 Kxb5 48. Bf7 Bc6 49. Bxh5 Bd5 50. Bd1 1-0

[Event "Late-Titled-Tuesday-Blitz-June-18-2024"]
[Site "Chess.com"]
[Date "2024.06.18"]
[Round "5"]
[White "SocoLoco"]
[Black "Tulipnoir"]
[Result "1/2-1/2"]
[WhiteElo "2178"]
[BlackElo "2349"]
[TimeControl "180+1"]
[EndTime "14:56:27 PDT"]
[Termination "Game drawn by agreement"]

1. e4 c6 2. d4 d5 3. exd5 cxd5 4. c4 Nf6 5. Nc3 e6 6. Bg5 Be7 7. Nf3 O-O 8. Rc1 dxc4 9. Bxc4 a6 10. O-O b5 11.
Bb3 Bb7 12. Re1 Nc6 13. Bxf6 Bxf6 14. d5 Na5 15. dxe6 Nxb3 16. exf7+ Rxf7 17. Qxb3 Bxf3 18. gxf3 Bxc3 19. Rxc3 Qg5+ 20. Kh1 Rf8 21. Rc7 Qf5 22.
Rxf7 Qxf7 23. Qxf7+ Kxf7 24. Rc1 Rd8 25. Rc7+ Kg8 26. Ra7 Rd2 27. Kg2 Rxb2 28. Rxa6 b4 29. Kg3 b3 30. axb3 Rxb3 31. Ra7 Rb4 32. f4 Rb5 33. f3 Rb1 34. Rc7 Rg1+ 35. Kf2 1/2-1/2

[Event "Late-Titled-Tuesday-Blitz-June-18-2024"]
[Site "Chess.com"]
[Date "2024.06.18"]
[Round "5"]
[White "manitodeplomo"]
[Black "ALRS-SPS"]
[Result "1-0"]
[WhiteElo "2675"]
[BlackElo "2426"]
[TimeControl "180+1"]
[EndTime "14:56:29 PDT"]
[Termination "manitodeplomo won by resignation"]

1. d4 Nf6 2. c4 e6 3. Nf3 d5 4. Nc3 Be7 5. Bg5 O-O 6. Qc2 Nbd7 7. e3 b6 8. cxd5 exd5 9. Bd3 Bb7 10. O-O h6 11. Bh4 c5 12. Rad1 c4 13. Bf5 a6 14.
Ne5 b5 15. a3 Re8 16. Qe2 Qc7 17. f4 Bc6 18. g4 a5 19. g5 hxg5 20. fxg5 Nxe5 21. gxf6 gxf6 22. Qh5 Ng6 23. Bxg6 fxg6 24. Qxg6+ Kh8 25. Qh6+ Kg8 26. Rd2 Bf8 27. Rg2+ 1-0

[Event "Late-Titled-Tuesday-Blitz-June-18-2024"]
[Site "Chess.com"]
[Date "2024.06.18"]
[Round "5"]
[White "ChessAdvanceUSA"]
[Black "Navyblue1"]
[Result "1-0"]
[WhiteElo "2471"]
[BlackElo "2170"]
[TimeControl "180+1"]
[EndTime "14:56:29 PDT"]
[Termination "ChessAdvanceUSA won by resignation"]

1. d4 Nf6 2. Nf3 g6 3. c3 Bg7 4. Bg5 d5 5. Nbd2 O-O 6. e3 c5 7. Be2 b6 8. O-O Bb7 9. a4 Nbd7 10. a5 cxd4 11. cxd4 bxa5 12. Qa4 Qb6 13. Qxa5 e6 14. b4 Qxa5 15. Rxa5 Ne4 16. Nxe4 dxe4 17. Nd2 f6 18. Bh4 Rfc8 19. Bc4 Kf7 20. Rfa1 a6 21. Bxa6 Rxa6 22. Rxa6 Bxa6 23. Rxa6 Rc1+ 24. Nf1 g5 25. Bg3 Bf8 26. Ra7 Ke8 27. b5 Bb4 28. h4 Ba5 29. Rxa5 1-0

[Event "Late-Titled-Tuesday-Blitz-June-18-2024"]
[Site "Chess.com"]
[Date "2024.06.18"]
[Round "5"]
[White "yoursillykitten"]
[Black "K-Nygren"]
[Result "0-1"]
[WhiteElo "2812"]
[BlackElo "2543"]
[TimeControl "180+1"]
[EndTime "14:56:30 PDT"]
[Termination "K-Nygren won on time"]

1. d4 d5 2. c4 c6 3. Nf3 Nf6 4. Nc3 dxc4 5. a4 Bf5 6. Ne5 Na6 7. e3 Nb4 8. Bxc4 e6 9. O-O Bd6 10.
Qf3 Bg6 11. Rd1 O-O 12. Nxg6 hxg6 13. e4 Be7 14. Bg5 Nh5 15. Be3 Nc2 16. Rac1 Nxe3 17.
fxe3 Qa5 18. e5 Qb4 19. Ne4 b5 20. axb5 cxb5 21. Ba2 Qxb2 22. Ra1 f5 23. exf6 Bxf6 0-1

[Event "Late-Titled-Tuesday-Blitz-June-18-2024"]
[Site "Chess.com"]
[Date "2024.06.18"]
[Round "5"]
[White "Goryachkina"]
[Black "mostafa_sakha"]
[Result "1-0"]
[WhiteElo "2670"]
[BlackElo "2424"]
[TimeControl "180+1"]
[EndTime "14:56:31 PDT"]
[Termination "Goryachkina won by resignation"]

1. e4 e5 2. Nf3 Nc6 3. Bc4 Nf6 4. d3 Be7 5. O-O O-O 6. Nc3 d6 7. a4 Be6 8. Bxe6 fxe6 9. a5 Qe8 10. a6 b6 11. Nb5 Bd8 12. c4 Ne7 13. d4 Nxe4 14. dxe5 d5 15. Ng5 Nxg5 16. Bxg5 Ng6 17. Bxd8 Qxd8 18.
cxd5 exd5 19. Rc1 c5 20. Nd6 Nxe5 21. Qxd5+ Nf7 22. Rcd1 Qxd6 23. Qxd6 Nxd6 24. Rxd6 Rfd8 25. Rfd1 Rxd6 26. Rxd6 b5 27. Rd7 c4 28. Kf1 Rc8 29. Rxa7 b4 30. Ke2 c3 31. bxc3 bxc3 32. Kd1 c2+ 33.
Kc1 Rc6 34. f4 h5 35. g3 Kh7 36. h3 Kg6 37. g4 hxg4 38. hxg4 Kf6 39. Ra8 Kf7 40. f5 Kf6 41. Rf8+ Kg5 42. a7 1-0

[Event "Late-Titled-Tuesday-Blitz-June-18-2024"]
[Site "Chess.com"]
[Date "2024.06.18"]
[Round "5"]
[White "VirtualCoach"]
[Black "Bala-Afiada"]
[Result "1-0"]
[WhiteElo "2341"]
[BlackElo "2055"]
[TimeControl "180+1"]
[EndTime "14:56:32 PDT"]
[Termination "VirtualCoach won on time"]

1. e4 c5 2. Nf3 Nc6 3. d4 cxd4 4.
Nxd4 Nf6 5. Nc3 d6 6. Bg5 e6 7. Qd2 Be7 8. O-O-O Nxd4 9. Qxd4 O-O 10. f3 Qa5 11.
Be3 Bd7 12. g4 b5 13. a3 e5 14. Qd2 b4 15. Nd5 Nxd5 16. exd5 Rab8 17. Qe1 Qa4 18. Rd3 bxa3 19. Rxa3 Qb4 20. Qxb4 Rxb4 21. Rxa7 Rd8 22. Bd2 Rd4 23. Ba5 Bg5+ 24. Kb1 Rd1+ 25. Ka2 Rb8 26.
Rxd7 h6 27. h4 Bc1 28. Rd8+ Rxd8 29. Bxd8 Rxd5 30. Bd3 1-0

[Event "Late-Titled-Tuesday-Blitz-June-18-2024"]
[Site "Chess.com"]
[Date "2024.06.18"]
[Round "5"]
[White "aeiiuu"]
[Black "evgchess5"]
[Result "0-1"]
[WhiteElo "2644"]
[BlackElo "2915"]
[TimeControl "180+1"]
[EndTime "14:56:33 PDT"]
[Termination "evgchess5 won by resignation"]

1. e4 c5 2. Nf3 e6 3. d4 cxd4 4. Nxd4 Nc6 5. Nc3 a6 6. g3 Nxd4 7. Qxd4 b5 8. Bg2 Bb7 9. O-O Ne7 10. a4 Nc6 11. Qd3 b4 12. Ne2 Bc5 13. b3 O-O 14.
Bb2 d6 15. Rad1 e5 16. Kh1 a5 17. f4 Ba6 18. Qd2 Qb6 19. fxe5 dxe5 20. Rde1 Be3 21.
Qd7 Rad8 22. Qg4 Rd2 23. Bc1 Rxc2 24. Bxe3 Qxe3 25. Nf4 exf4 26. Rxe3 Bxf1 27. gxf4 Bxg2+ 28. Kg1 Bxe4 29. Rxe4 Rc1+ 30. Kf2 f5 0-1

[Event "Late-Titled-Tuesday-Blitz-June-18-2024"]
[Site "Chess.com"]
[Date "2024.06.18"]
[Round "5"]
[White "el_sporco"]
[Black "LeonardoL2005"]
[Result "1-0"]
[WhiteElo "2571"]
[BlackElo "2259"]
[TimeControl "180+1"]
[EndTime "14:56:33 PDT"]
[Termination "el_sporco won by resignation"]

1. e4 c5 2. Nf3 g6 3. c3 Bg7 4.
Bd3 Nc6 5. O-O e6 6. Bc2 Nge7 7.
d4 cxd4 8. cxd4 d5 9. Nc3 O-O 10.
Bg5 h6 11. Be3 dxe4 12. Nxe4 Nf5 13. Qd2 Nxe3 14. fxe3 b6 15. Rac1 Ba6 16. Bd3 Bxd3 17. Qxd3 Nb4 18. Qb3 Nd5 19. Rfe1 Rc8 20. Nc3 Nxc3 21.
Rxc3 Qd7 22. Rec1 Rxc3 23. Qxc3 Rd8 24. Qc7 Bf8 25. Kf2 Bd6 26. Qxd7 Rxd7 27. e4 Rc7 28. Rc3 Kf8 29. e5 Rxc3 30. bxc3 Ba3 31. Ke3 Ke7 32. Kd3 Kd7 33. Nd2 Kc6 34. Ne4 b5 35. c4 a6 36. Nc3 Bb4 37. Ne4 Be7 38. g3 Bb4 39. c5 a5 40. Nd6 Be1 41. Nxf7 Bf2 42. Nxh6 Bg1 43. Ng4 Kd5 44. h3 b4 45.
Ne3+ Bxe3 46. Kxe3 a4 47. Kd3 a3 48. Kc2 Kxd4 49.
c6 Kxe5 50. c7 Ke4 51. c8=Q Kf3 52. Qxe6 1-0

[Event "Late-Titled-Tuesday-Blitz-June-18-2024"]
[Site "Chess.com"]
[Date "2024.06.18"]
[Round "5"]
[White "carloseduar100"]
[Black "Finejupiter"]
[Result "1-0"]
[WhiteElo "2252"]
[BlackElo "1842"]
[TimeControl "180+1"]
[EndTime "14:56:33 PDT"]
[Termination "carloseduar100 won by checkmate"]

1. e4 c5 2. Nf3 a6 3. Nc3 Nc6 4. d4 cxd4 5. Nxd4 g6 6. Be3 Bg7 7. Qd2 Nf6 8. f3 d6 9. h4 h5 10. a4 O-O 11. Nxc6 bxc6 12. Bh6 Qb6 13. Bxg7 Kxg7 14. Be2 Qxb2 15. Rb1 Qa3 16. g4 Qc5 17. g5 Nd7 18. f4 Nb6 19. Qd3 Be6 20. Rf1 Bc4 21. Qd2 Bxe2 22. Kxe2 Nxa4 23. Nxa4 Qc4+ 24. Qd3 Qxa4 25. f5 Rab8 26. Rxb8 Rxb8 27. fxg6 fxg6 28. Qc3+ Kg8 29. Qd3 Rb2 30. Kd2 Rb4 31. c3 Rxe4 32.
Rb1 Rxh4 33. Qxg6+ Kf8 34. Rb8# 1-0

[Event "Late-Titled-Tuesday-Blitz-June-18-2024"]
[Site "Chess.com"]
[Date "2024.06.18"]
[Round "5"]
[White "mightysmasher"]
[Black "tactic"]
[Result "0-1"]
[WhiteElo "2518"]
[BlackElo "2747"]
[TimeControl "180+1"]
[EndTime "14:56:34 PDT"]
[Termination "tactic won by checkmate"]

1. e4 d5 2. exd5 c6 3. dxc6 Nxc6 4. Nc3 e5 5. d3 Bd6 6. Bd2 Nge7 7. Nf3 O-O 8. Be2 f5 9. O-O a6 10. Re1 Ng6 11.
Bg5 Qc7 12. Nd5 Qf7 13. Nb6 Rb8 14. Nxc8 Rbxc8 15. Bd2 h6 16. Bc3 Rce8 17. a3 Bc5 18. b4 Ba7 19. Rf1 e4 20. dxe4 fxe4 21. Nd4 Rd8 22.
Nxc6 Rxd1 23. Raxd1 bxc6 24. Bxa6 Bxf2+ 25. Kh1 Qa7 26. Bc4+ Kh7 27. Bb2 e3 28. Bd3 Qb6 29. c4 c5 30. b5 Rd8 31. Be2 Nf4 32. Rxd8 Qxd8 33. Rd1 Qg5 34. Bf3 e2 35. Be4+ Kg8 36. Ra1 e1=Q+ 37. Rxe1 Bxe1 38. g3 Ne2 39. b6 Bxg3 40. Bd5+ Kf8 41. Bf3 Bxh2 42. Kxh2 Qg3+ 43. Kh1 Qg1# 0-1

[Event "Late-Titled-Tuesday-Blitz-June-18-2024"]
[Site "Chess.com"]
[Date "2024.06.18"]
[Round "5"]
[White "ClauAmura"]
[Black "ArmanGhevondyanchess"]
[Result "1-0"]
[WhiteElo "2375"]
[BlackElo "2580"]
[TimeControl "180+1"]
[EndTime "14:56:38 PDT"]
[Termination "ClauAmura won by checkmate"]

1. d4 Nf6 2. Bg5 c5 3. Bxf6 gxf6 4. d5 Qb6 5. Qc1 d6 6. c4 h5 7. Nc3 Bh6 8. e3 h4 9. h3 Nd7 10. Nf3 Bg7 11. Bd3 Ne5 12. Nxe5 fxe5 13. Qc2 f5 14. e4 f4 15. Be2 Bd7 16. Bg4 Bxg4 17. hxg4 f3 18.
gxf3 O-O-O 19. Rh3 Rdf8 20. Ke2 Bf6 21. a4 Bg5 22. a5 Qd8 23. Qa4 Rf7 24. a6 b6 25.
Qc6+ Qc7 26. Qa8+ Qb8 27. Qc6+ Qc7 28. Nb5 Qxc6 29. Nxa7+ Kc7 30. Nxc6 Ra8 31. a7 Rff8 32. Ra4 b5 33. cxb5 Kb6 34. Rh1 Kxb5 35. Rha1 c4 36. Rb4+ Kc5 37. Ra5# 1-0

[Event "Late-Titled-Tuesday-Blitz-June-18-2024"]
[Site "Chess.com"]
[Date "2024.06.18"]
[Round "5"]
[White "jbking07"]
[Black "ChessWarrior7197"]
[Result "0-1"]
[WhiteElo "2390"]
[BlackElo "3150"]
[TimeControl "180+1"]
[EndTime "14:56:40 PDT"]
[Termination "ChessWarrior7197 won by checkmate"]

1. Nf3 Nf6 2. g3 c5 3. Bg2 Nc6 4.
O-O d5 5. d4 e6 6. b3 cxd4 7. Nxd4 Bc5 8. Bb2 O-O 9. Nf3 Qe7 10.
Ne5 Rd8 11. e3 Bd7 12. Nxd7 Rxd7 13. Qe2 Rc8 14. a3 d4 15. b4 Bb6 16. Bxc6 Rxc6 17.
exd4 Bxd4 18. c3 Bb6 19. c4 Bd4 20. Bxd4 Rxd4 21. Nd2 Qd8 22. Nb3 Re4 23. Qf3 Rd6 24.
Rfd1 Rxc4 25. Rxd6 Qxd6 26. Qxb7 h5 27. Qxa7 Qd5 28.
Qe3 h4 29. Qd2 Qf3 30. Nd4 Qe4 31. Rd1 h3 32. f3 Qd5 33. Nb3 Qxf3 34. Qd8+ Ne8 35.
Qd3 Qg2# 0-1